Canadiens vs Nordiques
Created - 20 février 2017 at 19:14
Goals
|
| Canadiens |
2 |
2 |
1 |
0 |
2 |
6 |
| Nordiques |
3 |
1 |
1 |
0 |
1 |
5 |
|
Shots
|
| Canadiens |
19 |
10 |
16 |
0 |
6 |
45 |
| Nordiques |
12 |
13 |
8 |
1 |
6 |
34 |
|
1st period
1. Canadiens , Dennis Wideman 12 (Patrick Sharp) at 2:43 (PP)
2. Nordiques , Jean-Pierre Dumont 21 (Paul Gaustad) at 6:02
3. Canadiens , Dustin Boyd 8 (Jordan Caron) at 13:52
4. Nordiques , Chris Drury 25 (R.J. Umberger, Fedor Tyutin) at 17:33
5. Nordiques , Jean-Pierre Dumont 22 (Chris Drury) at 19:50 (PP)
Penalties :
R.J. Umberger (Que) for Roughing (Minor) at 2:33, Dan Boyle (Mon) for Hooking (Minor) at 8:58, Nikita Kucherov (Que) for Hooking (Minor) at 14:57, Dan Boyle (Mon) for Kneeing (Minor) at 19:49
2nd period
6. Nordiques , Nikita Kucherov 7 (Matt Moulson, T.J. Fast) at 9:49
7. Canadiens , Devin Setoguchi 12 (Patrick Sharp) at 14:23 (PP)
8. Canadiens , Patrick Sharp 12 (Devin Setoguchi, Andrei Loktionov) at 18:30
Penalties :
Nikita Kucherov (Que) for Interference (Minor) at 11:30, Fedor Tyutin (Que) for Tripping (Minor) at 14:12
3rd period
9. Nordiques , Chris Drury 26 (Fedor Tyutin) at 18:46
10. Canadiens , Marc Savard 19 (Patrick Sharp) at 19:46
Penalties :
Jean-Pierre Dumont (Que) for Tripping (Minor) at 5:19
Overtime #1
No Goal
Penalties :
No Penalty
Shootout
Penalty Shot by Patrick Sharp for Canadiens - Stopped by Julien Ellis
Penalty Shot by R.J. Umberger for Nordiques - Stopped by Tobias Stephan
Penalty Shot by Marc Savard for Canadiens - Stopped by Julien Ellis
Penalty Shot by Chris Drury for Nordiques - Stopped by Tobias Stephan
Penalty Shot by Devin Setoguchi for Canadiens - Shot Misses the Net
Penalty Shot by Jean-Pierre Dumont for Nordiques - Stopped by Tobias Stephan
Penalty Shot by Greg Stewart for Canadiens - Stopped by Julien Ellis
Penalty Shot by Vaclav Prospal for Nordiques - Stopped by Tobias Stephan
Penalty Shot by Dustin Boyd for Canadiens - Goal!
Penalty Shot by Paul Gaustad for Nordiques - Goal!
Penalty Shot by Martin Hanzal for Canadiens - Goal!
Penalty Shot by Dustin Byfuglien for Nordiques - Stopped by Tobias Stephan
Penalties :
No Penalty
Goalie Stats
Jonathan Bernier (Mon), 14 saves from 18 shots - (0,778), 29:49 minutes
Tobias Stephan (Mon), 15 saves from 16 shots - (0,938), W, 2-6-1, 34:29 minutes
Julien Ellis (Que), 40 saves from 45 shots - (0,889), OTL, 6-4-1, 65:00 minutes
Players Stats for Canadiens
Player Name G A P +/- PIM S H SB GA TA FO MP PP MP PK MP
------------------------------------------------------------------------------------
Andrei Loktionov 0 1 1 -2 0 4 1 0 2 0 13/26 20:53 3:39 0:00
Brett Maclean 0 0 0 0 0 1 1 0 1 0 0/0 9:58 0:00 0:28
Dan Boyle 0 0 0 -2 4 2 3 2 0 0 0/0 29:32 3:23 0:00
Dennis Wideman 1 0 1 -2 0 7 0 4 0 0 0/0 30:30 3:23 1:07
Devin Setoguchi 1 1 2 -1 0 3 1 0 1 0 0/1 19:31 2:37 0:00
Dustin Boyd 1 0 1 0 0 4 1 1 2 0 4/8 14:48 0:00 0:46
Evgeny Dadonov 0 0 0 0 0 1 0 0 1 1 0/0 19:20 3:39 0:00
Greg Stewart 0 0 0 0 0 4 0 1 0 1 0/0 14:22 0:00 1:01
Jiri Fischer 0 0 0 2 0 0 0 1 0 2 0/0 13:29 0:00 0:49
Jiri Tlusty 0 0 0 0 0 0 0 0 0 0 0/0 8:40 0:00 0:33
Jonas Hoglund 0 0 0 0 0 4 2 1 0 0 0/0 17:26 3:39 0:00
Jordan Caron 0 1 1 0 0 0 0 1 1 0 0/1 12:05 0:02 0:00
Ladislav Smid 0 0 0 -1 0 3 2 2 0 1 0/0 21:32 2:55 0:46
Marc Savard 1 0 1 1 0 4 1 0 0 0 18/28 19:26 2:39 0:00
Martin Hanzal 0 0 0 0 0 1 2 1 1 0 1/4 9:02 0:00 0:55
Matt Carle 0 0 0 2 0 0 0 0 0 0 0/0 13:50 0:00 0:59
Patrick Sharp 1 3 4 -1 0 5 1 0 0 0 4/5 21:38 2:39 0:17
Wade Redden 0 0 0 -1 0 2 0 1 0 0 0/0 21:56 2:55 0:19
Players Stats for Nordiques
Player Name G A P +/- PIM S H SB GA TA FO MP PP MP PK MP
------------------------------------------------------------------------------------
Chris Drury 2 1 3 3 0 4 2 0 0 1 14/34 22:22 1:03 1:35
Dmitry Kulikov 0 0 0 1 0 1 0 1 0 1 0/0 18:19 0:54 0:00
Dustin Byfuglien 0 0 0 0 0 1 1 2 0 2 0/0 28:47 1:06 2:22
Fedor Tyutin 0 2 2 0 2 3 2 5 0 1 0/0 24:17 0:54 0:00
Jean-Pierre Dumont 2 0 2 3 2 4 0 1 1 0 1/2 20:33 1:03 0:00
Kyle Calder 0 0 0 -2 0 1 2 0 0 0 1/1 16:44 0:00 2:56
Mark Eaton 0 0 0 0 0 2 0 1 0 0 0/0 18:41 0:00 3:56
Matt Moulson 0 1 1 0 0 1 0 1 0 0 0/1 16:42 0:57 0:07
Michael Ryder 0 0 0 -1 0 1 0 1 1 0 1/1 11:36 0:00 0:00
Nikita Kucherov 1 0 1 0 4 3 0 0 1 0 0/0 15:24 0:57 0:00
Nikolai Kulemin 0 0 0 0 0 0 0 0 0 0 0/0 6:38 0:00 0:00
Pascal Dupuis 0 0 0 -1 0 1 1 0 0 1 0/0 11:24 0:00 3:15
Paul Gaustad 0 1 1 -2 0 2 1 0 1 0 6/14 17:28 0:00 3:12
R.J. Umberger 0 1 1 3 2 5 2 1 1 0 0/1 20:44 1:03 0:00
Rich Peverley 0 0 0 0 0 1 0 0 0 0 3/3 6:53 0:00 0:03
Ryan Ellis 0 0 0 1 0 3 1 4 0 1 0/0 21:39 1:06 2:22
T.J. Fast 0 1 1 0 0 0 0 2 0 2 0/0 18:16 0:00 3:56
Vaclav Prospal 0 0 0 0 0 1 5 0 0 0 7/16 17:10 0:57 1:28
3 Stars
1 - Chris Drury (Que)
2 - Jean-Pierre Dumont (Que)
3 - Patrick Sharp (Mon)
Power Play
Canadiens - 2 on 5 Attempt(s) - 40,00%
Nordiques - 1 on 2 Attempt(s) - 50,00%
Penalty Kill
Canadiens - 1 on 2 Attempt(s) - 50,00%
- Score 0 goal in Penalty Kill
Nordiques - 3 on 5 Attempt(s) - 60,00%
- Score 0 goal in Penalty Kill
Team Stat
Canadiens - Hits : 15 - Faceoff Wins : 40 - Blocked Shots : 15 - Penalty Minutes : 4
Nordiques - Hits : 17 - Faceoff Wins : 33 - Blocked Shots : 19 - Penalty Minutes : 10
Official
Referees : Kozari Steve and Pochmara Brian
Linesman : Tony Sericolo and Andy McElman
Game Notes
Tobias Stephan enters game at 9:49 of 2nd period
Finance
Level 1 -- Attendance: 4168 (69,47%) -- Ticket Income 416 800 $
Level 2 -- Attendance: 3539 (70,78%) -- Ticket Income 212 340 $
Level 3 -- Attendance: 1163 (58,15%) -- Ticket Income 47 683 $
Level 4 -- Attendance: 2496 (62,40%) -- Ticket Income 74 880 $
Luxury Box -- Attendance: 866 (86,60%) -- Ticket Income 138 560 $
Game was played at the Centre Videotron.
Total Attendance: 12232 (67,96%)
Total Ticket Income: 890 263 $
Other Income: 133 539 $
Total Income: 1 023 802 $
Canadiens
5 vs 5 Forward
Center Left Wing Right Wing Time % Phy DF OF
1 Andrei Loktionov Patrick Sharp Devin Setoguchi 40 1 2 2
2 Marc Savard Evgeny Dadonov Jonas Hoglund 30 1 2 2
3 Dustin Boyd Greg Stewart Jordan Caron 20 1 2 2
4 Martin Hanzal Brett Maclean Jiri Tlusty 10 1 2 2
5 vs 5 Defense
Defense Defense Time % Phy DF OF
1 Dennis Wideman Dan Boyle 40 1 2 2
2 Ladislav Smid Wade Redden 30 1 2 2
3 Jiri Fischer Matt Carle 20 1 2 2
4 Dennis Wideman Dan Boyle 10 1 2 2
PowerPlay Forward
Center Left Wing Right Wing Time % Phy DF OF
1 Marc Savard Patrick Sharp Devin Setoguchi 60 1 2 2
2 Andrei Loktionov Evgeny Dadonov Jonas Hoglund 40 1 2 2
PowerPlay Defense
Defense Defense Time % Phy DF OF
1 Dennis Wideman Dan Boyle 60 1 2 2
2 Ladislav Smid Wade Redden 40 1 2 2
Penalty Kill 4 Players Forward
Center Wing Time % Phy DF OF
1 Martin Hanzal Greg Stewart 60 1 2 2
2 Dustin Boyd Jiri Tlusty 40 1 2 2
Penalty Kill 4 Players Defense
Defense Defense Time % Phy DF OF
1 Dennis Wideman Dan Boyle 60 1 2 2
2 Ladislav Smid Wade Redden 40 1 2 2
Penalty Kill - 3 Players Forward
Forward Time % Phy DF OF
1 Martin Hanzal 60 1 2 2
2 Marc Savard 40 1 2 2
Penalty Kill - 3 Players Defense
Defense Defense Time % Phy DF OF
1 Dennis Wideman Dan Boyle 60 1 2 2
2 Ladislav Smid Wade Redden 40 1 2 2
4 vs 4 Forward
Center Wing Time % Phy DF OF
1 Marc Savard Evgeny Dadonov 60 1 2 2
2 Andrei Loktionov Patrick Sharp 40 1 2 2
4 vs 4 Defense
Defense Defense Time % Phy DF OF
1 Dennis Wideman Dan Boyle 60 1 2 2
2 Ladislav Smid Wade Redden 40 1 2 2
Last Minutes Offensive
Center Left Wing Right Wing Defense Defense
Marc Savard Patrick Sharp Devin Setoguchi Dennis Wideman Dan Boyle
Last Minutes Defensive
Center Left Wing Right Wing Defense Defense
Marc Savard Patrick Sharp Devin Setoguchi Dennis Wideman Dan Boyle
Goaltenders
Starting : Jonathan Bernier
Backup : Tobias Stephan
Extra Forwards
Normal : Andrei Loktionov, Evgeny Dadonov, Brett Maclean - PP : Andrei Loktionov, Evgeny Dadonov - PK : Brett Maclean
Extra Defensemen
Normal : Jiri Fischer, Matt Carle, Ladislav Smid - PP : Jiri Fischer - PK : Matt Carle, Ladislav Smid
Penalty Shots
Patrick Sharp, Marc Savard, Devin Setoguchi, Greg Stewart, Dustin Boyd
Nordiques
5 vs 5 Forward
Center Left Wing Right Wing Time % Phy DF OF
1 Chris Drury R.J. Umberger Jean-Pierre Dumont 40 0 0 5
2 Vaclav Prospal Matt Moulson Nikita Kucherov 30 0 0 5
3 Paul Gaustad Kyle Calder Michael Ryder 20 0 0 5
4 Rich Peverley Nikolai Kulemin Pascal Dupuis 10 0 0 5
5 vs 5 Defense
Defense Defense Time % Phy DF OF
1 Fedor Tyutin Dustin Byfuglien 40 0 5 0
2 Dmitry Kulikov Ryan Ellis 30 0 5 0
3 T.J. Fast Mark Eaton 20 0 5 0
4 Fedor Tyutin Dustin Byfuglien 10 0 5 0
PowerPlay Forward
Center Left Wing Right Wing Time % Phy DF OF
1 Chris Drury R.J. Umberger Jean-Pierre Dumont 60 0 0 5
2 Vaclav Prospal Matt Moulson Nikita Kucherov 40 0 0 5
PowerPlay Defense
Defense Defense Time % Phy DF OF
1 Dustin Byfuglien Ryan Ellis 60 0 2 3
2 Fedor Tyutin Dmitry Kulikov 40 0 2 3
Penalty Kill 4 Players Forward
Center Wing Time % Phy DF OF
1 Paul Gaustad Pascal Dupuis 60 0 3 2
2 Kyle Calder Vaclav Prospal 40 0 3 2
Penalty Kill 4 Players Defense
Defense Defense Time % Phy DF OF
1 T.J. Fast Mark Eaton 60 0 4 1
2 Dustin Byfuglien Ryan Ellis 40 0 4 1
Penalty Kill - 3 Players Forward
Forward Time % Phy DF OF
1 Paul Gaustad 60 0 5 0
2 Pascal Dupuis 40 0 5 0
Penalty Kill - 3 Players Defense
Defense Defense Time % Phy DF OF
1 T.J. Fast Mark Eaton 60 0 5 0
2 Dustin Byfuglien Dmitry Kulikov 40 0 5 0
4 vs 4 Forward
Center Wing Time % Phy DF OF
1 R.J. Umberger Chris Drury 60 0 1 4
2 Jean-Pierre Dumont Vaclav Prospal 40 0 1 4
4 vs 4 Defense
Defense Defense Time % Phy DF OF
1 Dustin Byfuglien Dmitry Kulikov 60 0 3 2
2 Fedor Tyutin Ryan Ellis 40 0 3 2
Last Minutes Offensive
Center Left Wing Right Wing Defense Defense
Chris Drury R.J. Umberger Jean-Pierre Dumont Dustin Byfuglien Fedor Tyutin
Last Minutes Defensive
Center Left Wing Right Wing Defense Defense
Paul Gaustad Kyle Calder Pascal Dupuis T.J. Fast Mark Eaton
Goaltenders
Starting : Julien Ellis
Backup : Martin Brodeur
Extra Forwards
Normal : Chris Drury, Jean-Pierre Dumont, Matt Moulson - PP : Chris Drury, Jean-Pierre Dumont - PK : Pascal Dupuis
Extra Defensemen
Normal : Dmitry Kulikov, Ryan Ellis, Dustin Byfuglien - PP : Dmitry Kulikov - PK : Ryan Ellis, Dustin Byfuglien
Penalty Shots
R.J. Umberger, Chris Drury, Jean-Pierre Dumont, Vaclav Prospal, Paul Gaustad
% Time on Ice - Canadiens
Lines # - Real PCT - Wanted PCT - Time Play
Normal Forward
1 - 33% - 40% - 16:49
2 - 27% - 30% - 13:47
3 - 24% - 20% - 11:59
4 - 16% - 10% - 8:07
Normal Defense
1 - 41% - 40% - 20:53
2 - 31% - 30% - 15:55
3 - 22% - 20% - 11:05
4 - 6% - 10% - 2:49
PP Forward
1 - 42% - 60% - 2:39
2 - 58% - 40% - 3:39
PP Defense
1 - 54% - 60% - 3:23
2 - 46% - 40% - 2:55
PK Forward
1 - 73% - 60% - 1:27
2 - 28% - 40% - 0:33
PK Defense
1 - 90% - 60% - 1:48
2 - 10% - 40% - 0:12
PK3 Forward
1 - 0% - 60%
2 - 0% - 40%
PK3 Defense
1 - 0% - 60%
2 - 0% - 40%
44 Forward
1 - 90% - 60% - 4:31
2 - 10% - 40% - 0:29
44 Defense
1 - 55% - 60% - 2:46
2 - 45% - 40% - 2:14
Last Minute Offensive - 1:00
Last Minute Defensive - 0:00
Total
Forward - 65:00
Defense - 65:00
|
% Time on Ice - Nordiques
Lines # - Real PCT - Wanted PCT - Time Play
Normal Forward
1 - 36% - 40% - 18:25
2 - 28% - 30% - 14:03
3 - 23% - 20% - 11:36
4 - 13% - 10% - 6:38
Normal Defense
1 - 39% - 40% - 19:44
2 - 31% - 30% - 15:43
3 - 24% - 20% - 12:21
4 - 6% - 10% - 2:54
PP Forward
1 - 53% - 60% - 1:03
2 - 48% - 40% - 0:57
PP Defense
1 - 55% - 60% - 1:06
2 - 45% - 40% - 0:54
PK Forward
1 - 77% - 60% - 4:50
2 - 23% - 40% - 1:28
PK Defense
1 - 62% - 60% - 3:56
2 - 38% - 40% - 2:22
PK3 Forward
1 - 0% - 60%
2 - 0% - 40%
PK3 Defense
1 - 0% - 60%
2 - 0% - 40%
44 Forward
1 - 86% - 60% - 4:18
2 - 14% - 40% - 0:42
44 Defense
1 - 55% - 60% - 2:46
2 - 45% - 40% - 2:14
Last Minute Offensive - 0:00
Last Minute Defensive - 1:00
Total
Forward - 65:00
Defense - 65:00
|
Play by Play
1st period
0:01 of 1st period - Chris Drury wins face-off versus Andrei Loktionov in neutral zone.
0:08 of 1st period - Wrist shot by Chris Drury.
0:08 of 1st period - Deflect By R.J. Umberger.
0:08 of 1st period - Stopped by Jonathan Bernier without a rebound.
0:09 of 1st period - Chris Drury wins face-off versus Andrei Loktionov in Canadiens zone.
0:38 of 1st period - Wrist shot by Devin Setoguchi.
0:38 of 1st period - Deflect By Patrick Sharp.
0:38 of 1st period - Stopped by Julien Ellis without a rebound.
0:39 of 1st period - Marc Savard wins face-off versus Vaclav Prospal in Nordiques zone.
0:42 of 1st period - Wrist shot by Marc Savard.
0:42 of 1st period - Deflect By Dmitry Kulikov.
0:42 of 1st period - Stopped by Julien Ellis with a rebound.
0:44 of 1st period - Slapshot by Wade Redden.
0:44 of 1st period - Deflect By Marc Savard.
0:44 of 1st period - Shot Blocked by Ryan Ellis.
0:44 of 1st period - Puck is out of play.
0:45 of 1st period - Marc Savard wins face-off versus Vaclav Prospal in Nordiques zone.
0:54 of 1st period - Wrist shot by Jonas Hoglund.
0:54 of 1st period - Shot Blocked by Ryan Ellis.
0:58 of 1st period - Snap shot by Marc Savard.
0:58 of 1st period - Shot Blocked by Dmitry Kulikov.
1:00 of 1st period - Slapshot by Ladislav Smid.
1:00 of 1st period - Stopped by Julien Ellis with a rebound.
1:55 of 1st period - Off-side.
1:56 of 1st period - Rich Peverley wins face-off versus Andrei Loktionov in neutral zone.
2:04 of 1st period - T.J. Fast is hit by Dan Boyle.
2:33 of 1st period - Minor Penalty to R.J. Umberger for Roughing.
2:34 of 1st period - Paul Gaustad wins face-off versus Marc Savard in Nordiques zone.
2:43 of 1st period - Slapshot by Dennis Wideman.
2:43 of 1st period - Goal by Dennis Wideman - Canadiens : 1 - Nordiques : 0.
2:44 of 1st period - Michael Ryder wins face-off versus Marc Savard in neutral zone.
3:09 of 1st period - Dan Boyle is hit by Dustin Byfuglien and loses puck.
3:18 of 1st period - Wrist shot by Chris Drury.
3:18 of 1st period - Shot Blocked by Dustin Boyd.
3:20 of 1st period - Slapshot by Mark Eaton.
3:20 of 1st period - Stopped by Jonathan Bernier without a rebound.
3:21 of 1st period - Vaclav Prospal wins face-off versus Andrei Loktionov in Canadiens zone.
3:26 of 1st period - Wrist shot by Nikita Kucherov.
3:26 of 1st period - Stopped by Jonathan Bernier without a rebound.
3:27 of 1st period - Andrei Loktionov wins face-off versus Vaclav Prospal in Canadiens zone.
3:27 of 1st period - Andrei Loktionov is hit by Vaclav Prospal.
3:53 of 1st period - Wade Redden is hit by Fedor Tyutin and loses puck.
4:09 of 1st period - Icing by R.J. Umberger.
4:10 of 1st period - Kyle Calder wins face-off versus Martin Hanzal in Nordiques zone.
5:25 of 1st period - Snap shot by Rich Peverley.
5:25 of 1st period - Shot Blocked by Jiri Fischer.
5:39 of 1st period - Wrist shot by Jiri Tlusty.
5:39 of 1st period - Shot Misses the Net.
5:41 of 1st period - Wrist shot by Jiri Tlusty.
5:41 of 1st period - Shot Misses the Net.
6:02 of 1st period - Slapshot by Jean-Pierre Dumont.
6:02 of 1st period - Goal by Jean-Pierre Dumont - Canadiens : 1 - Nordiques : 1.
6:03 of 1st period - Andrei Loktionov wins face-off versus Chris Drury in neutral zone.
6:31 of 1st period - Fedor Tyutin is hit by Jonas Hoglund and loses puck.
7:15 of 1st period - Icing by Wade Redden.
7:16 of 1st period - Martin Hanzal wins face-off versus Chris Drury in Canadiens zone.
7:45 of 1st period - Wrist shot by Michael Ryder.
7:45 of 1st period - Shot Misses the Net.
7:47 of 1st period - Slapshot by Mark Eaton.
7:47 of 1st period - Shot Blocked by Ladislav Smid.
7:49 of 1st period - Slapshot by T.J. Fast.
7:49 of 1st period - Shot Blocked by Martin Hanzal.
7:51 of 1st period - Snap shot by Mark Eaton.
7:51 of 1st period - Shot Misses the Net.
8:15 of 1st period - Snap shot by Rich Peverley.
8:15 of 1st period - Shot Misses the Net.
8:25 of 1st period - Slapshot by Patrick Sharp.
8:25 of 1st period - Shot Blocked by Matt Moulson.
8:31 of 1st period - Slapshot by Matt Moulson.
8:31 of 1st period - Shot Misses the Net.
8:38 of 1st period - Icing by Dmitry Kulikov.
8:39 of 1st period - Marc Savard wins face-off versus Vaclav Prospal in Nordiques zone.
8:58 of 1st period - Minor Penalty to Dan Boyle for Hooking.
8:59 of 1st period - Chris Drury wins face-off versus Martin Hanzal in Canadiens zone.
10:58 of 1st period - Penalty to Dan Boyle is over, Dan Boyle is back on ice.
11:00 of 1st period - Backhand shot by Dan Boyle.
11:00 of 1st period - Deflect By Dustin Boyd.
11:00 of 1st period - Stopped by Julien Ellis with a rebound.
11:02 of 1st period - Slapshot by Wade Redden.
11:02 of 1st period - Shot Blocked by Michael Ryder.
11:48 of 1st period - Slapshot by Patrick Sharp.
11:48 of 1st period - Stopped by Julien Ellis without a rebound.
11:49 of 1st period - Rich Peverley wins face-off versus Marc Savard in Nordiques zone.
12:16 of 1st period - Martin Hanzal is hit by R.J. Umberger and loses puck.
12:35 of 1st period - Snap shot by Fedor Tyutin.
12:35 of 1st period - Stopped by Jonathan Bernier without a rebound.
12:36 of 1st period - Vaclav Prospal wins face-off versus Andrei Loktionov in Canadiens zone.
12:39 of 1st period - Slapshot by Nikita Kucherov.
12:39 of 1st period - Deflect By Vaclav Prospal.
12:39 of 1st period - Shot Misses the Net.
12:39 of 1st period - Puck is out of play.
12:40 of 1st period - Vaclav Prospal wins face-off versus Marc Savard in Canadiens zone.
12:45 of 1st period - Snap shot by Nikita Kucherov.
12:45 of 1st period - Stopped by Jonathan Bernier without a rebound.
12:46 of 1st period - Marc Savard wins face-off versus Chris Drury in Canadiens zone.
12:46 of 1st period - Marc Savard is hit by Chris Drury.
12:56 of 1st period - T.J. Fast is hit by Dan Boyle and loses puck.
13:18 of 1st period - Off-side.
13:19 of 1st period - Chris Drury wins face-off versus Andrei Loktionov in neutral zone.
13:22 of 1st period - Slapshot by Fedor Tyutin.
13:22 of 1st period - Stopped by Jonathan Bernier without a rebound.
13:23 of 1st period - Andrei Loktionov wins face-off versus Chris Drury in Canadiens zone.
13:52 of 1st period - Snap shot by Dustin Boyd.
13:52 of 1st period - Goal by Dustin Boyd - Canadiens : 2 - Nordiques : 1.
13:53 of 1st period - Andrei Loktionov wins face-off versus Jean-Pierre Dumont in neutral zone.
13:56 of 1st period - Slapshot by Dennis Wideman.
13:56 of 1st period - Stopped by Julien Ellis with a rebound.
13:58 of 1st period - Snap shot by Andrei Loktionov.
13:58 of 1st period - Shot Blocked by Fedor Tyutin.
14:00 of 1st period - Snap shot by Patrick Sharp.
14:00 of 1st period - Deflect By Devin Setoguchi.
14:00 of 1st period - Shot Blocked by Dustin Byfuglien.
14:00 of 1st period - Puck is out of play.
14:01 of 1st period - Patrick Sharp wins face-off versus Chris Drury in Nordiques zone.
14:27 of 1st period - Backhand shot by Andrei Loktionov.
14:27 of 1st period - Shot Hit the Post.
14:29 of 1st period - Slapshot by Dan Boyle.
14:29 of 1st period - Shot Blocked by Fedor Tyutin.
14:31 of 1st period - Slapshot by Devin Setoguchi.
14:31 of 1st period - Stopped by Julien Ellis with a rebound.
14:33 of 1st period - Slapshot by Dan Boyle.
14:33 of 1st period - Shot Blocked by Jean-Pierre Dumont.
14:35 of 1st period - Slapshot by Dan Boyle.
14:35 of 1st period - Deflect By Dustin Byfuglien.
14:35 of 1st period - Stopped by Julien Ellis with a rebound.
14:37 of 1st period - Slapshot by Dennis Wideman.
14:37 of 1st period - Shot Misses the Net.
14:39 of 1st period - Slapshot by Dennis Wideman.
14:39 of 1st period - Stopped by Julien Ellis with a rebound.
14:41 of 1st period - Snap shot by Devin Setoguchi.
14:41 of 1st period - Shot Misses the Net.
14:43 of 1st period - Snap shot by Patrick Sharp.
14:43 of 1st period - Stopped by Julien Ellis with a rebound.
14:45 of 1st period - Snap shot by Andrei Loktionov.
14:45 of 1st period - Stopped by Julien Ellis with a rebound.
14:47 of 1st period - Slapshot by Dennis Wideman.
14:47 of 1st period - Stopped by Julien Ellis without a rebound.
14:48 of 1st period - Marc Savard wins face-off versus Vaclav Prospal in Nordiques zone.
14:55 of 1st period - Slapshot by Jonas Hoglund.
14:55 of 1st period - Shot Misses the Net.
14:57 of 1st period - Minor Penalty to Nikita Kucherov for Hooking.
14:58 of 1st period - Paul Gaustad wins face-off versus Marc Savard in Nordiques zone.
15:29 of 1st period - Backhand shot by Dan Boyle.
15:29 of 1st period - Deflect By Jonas Hoglund.
15:29 of 1st period - Shot Misses the Net.
15:29 of 1st period - Puck is out of play.
15:30 of 1st period - Andrei Loktionov wins face-off versus Paul Gaustad in Nordiques zone.
16:29 of 1st period - Wrist shot by Evgeny Dadonov.
16:29 of 1st period - Shot Misses the Net.
16:31 of 1st period - Snap shot by Andrei Loktionov.
16:31 of 1st period - Stopped by Julien Ellis with a rebound.
16:49 of 1st period - Wrist shot by Jonas Hoglund.
16:49 of 1st period - Shot Misses the Net.
16:51 of 1st period - Snap shot by Ladislav Smid.
16:51 of 1st period - Stopped by Julien Ellis with a rebound.
16:53 of 1st period - Wrist shot by Evgeny Dadonov.
16:53 of 1st period - Stopped by Julien Ellis with a rebound.
16:55 of 1st period - Slapshot by Wade Redden.
16:55 of 1st period - Stopped by Julien Ellis without a rebound.
16:56 of 1st period - Marc Savard wins face-off versus Paul Gaustad in Nordiques zone.
16:57 of 1st period - Penalty to Nikita Kucherov is over, Nikita Kucherov is back on ice.
17:15 of 1st period - Snap shot by Paul Gaustad.
17:15 of 1st period - Shot Blocked by Dennis Wideman.
17:29 of 1st period - Slapshot by Fedor Tyutin.
17:29 of 1st period - Shot Blocked by Dan Boyle.
17:31 of 1st period - Snap shot by Chris Drury.
17:31 of 1st period - Stopped by Jonathan Bernier with a rebound.
17:33 of 1st period - Snap shot by R.J. Umberger.
17:33 of 1st period - Deflect By Chris Drury.
17:33 of 1st period - Goal by Chris Drury - Canadiens : 2 - Nordiques : 2.
17:34 of 1st period - Vaclav Prospal wins face-off versus Dustin Boyd in neutral zone.
18:11 of 1st period - Wrist shot by Martin Hanzal.
18:11 of 1st period - Shot Misses the Net.
19:09 of 1st period - Jiri Tlusty is hit by Pascal Dupuis and loses puck.
19:14 of 1st period - Backhand shot by Rich Peverley.
19:14 of 1st period - Stopped by Jonathan Bernier with a rebound.
19:16 of 1st period - Backhand shot by Ryan Ellis.
19:16 of 1st period - Stopped by Jonathan Bernier without a rebound.
19:17 of 1st period - Marc Savard wins face-off versus Chris Drury in Canadiens zone.
19:22 of 1st period - Slapshot by Dan Boyle.
19:22 of 1st period - Stopped by Julien Ellis without a rebound.
19:23 of 1st period - Chris Drury wins face-off versus Marc Savard in Nordiques zone.
19:49 of 1st period - Minor Penalty to Dan Boyle for Kneeing.
19:50 of 1st period - Chris Drury wins face-off versus Martin Hanzal in Canadiens zone.
19:50 of 1st period - Snap shot by Jean-Pierre Dumont.
19:50 of 1st period - Goal by Jean-Pierre Dumont - Canadiens : 2 - Nordiques : 3.
19:51 of 1st period - Marc Savard wins face-off versus Vaclav Prospal in neutral zone.
19:57 of 1st period - Off-side.
19:58 of 1st period - Marc Savard wins face-off versus Vaclav Prospal in neutral zone.
Goals for this period are 2 for Canadiens vs 3 for Nordiques.
Shots for this period are 19 for Canadiens vs 12 for Nordiques.
2nd period
0:01 of 2nd period - Marc Savard wins face-off versus Chris Drury in neutral zone.
0:41 of 2nd period - Wrist shot by Marc Savard.
0:41 of 2nd period - Shot Misses the Net.
0:49 of 2nd period - Slapshot by Jonas Hoglund.
0:49 of 2nd period - Stopped by Julien Ellis with a rebound.
0:51 of 2nd period - Slapshot by Dennis Wideman.
0:51 of 2nd period - Shot Misses the Net.
0:53 of 2nd period - Snap shot by Evgeny Dadonov.
0:53 of 2nd period - Shot Blocked by Fedor Tyutin.
0:55 of 2nd period - Slapshot by Dennis Wideman.
0:55 of 2nd period - Shot Misses the Net.
0:57 of 2nd period - Snap shot by Marc Savard.
0:57 of 2nd period - Stopped by Julien Ellis with a rebound.
0:59 of 2nd period - Snap shot by Dennis Wideman.
0:59 of 2nd period - Deflect By Fedor Tyutin.
0:59 of 2nd period - Stopped by Julien Ellis without a rebound.
1:00 of 2nd period - Andrei Loktionov wins face-off versus Matt Moulson in Nordiques zone.
1:13 of 2nd period - Wrist shot by Devin Setoguchi.
1:13 of 2nd period - Deflect By Dmitry Kulikov.
1:13 of 2nd period - Shot Blocked by Ryan Ellis.
1:13 of 2nd period - Puck is out of play.
1:14 of 2nd period - Chris Drury wins face-off versus Andrei Loktionov in Nordiques zone.
1:39 of 2nd period - Devin Setoguchi is hit by Kyle Calder and loses puck.
2:12 of 2nd period - Snap shot by Dustin Boyd.
2:12 of 2nd period - Shot Misses the Net.
2:14 of 2nd period - Snap shot by Dan Boyle.
2:14 of 2nd period - Deflect By Greg Stewart.
2:14 of 2nd period - Shot Misses the Net.
2:14 of 2nd period - Puck is out of play.
2:15 of 2nd period - Dustin Boyd wins face-off versus Chris Drury in Nordiques zone.
2:16 of 2nd period - Slapshot by Greg Stewart.
2:16 of 2nd period - Shot Blocked by Dustin Byfuglien.
2:18 of 2nd period - Wrist shot by Greg Stewart.
2:18 of 2nd period - Stopped by Julien Ellis with a rebound.
2:26 of 2nd period - Wrist shot by Dustin Boyd.
2:26 of 2nd period - Shot Misses the Net.
2:28 of 2nd period - Slapshot by Jiri Fischer.
2:28 of 2nd period - Deflect By Dustin Boyd.
2:28 of 2nd period - Shot Misses the Net.
2:28 of 2nd period - Puck is out of play.
2:29 of 2nd period - Vaclav Prospal wins face-off versus Marc Savard in Nordiques zone.
2:40 of 2nd period - Wrist shot by Matt Moulson.
2:40 of 2nd period - Shot Misses the Net.
2:42 of 2nd period - Slapshot by Dustin Byfuglien.
2:42 of 2nd period - Deflect By Matt Moulson.
2:42 of 2nd period - Shot Misses the Net.
2:42 of 2nd period - Puck is out of play.
2:43 of 2nd period - Chris Drury wins face-off versus Patrick Sharp in Canadiens zone.
2:44 of 2nd period - Wrist shot by Jean-Pierre Dumont.
2:44 of 2nd period - Stopped by Jonathan Bernier with a rebound.
2:46 of 2nd period - Wrist shot by R.J. Umberger.
2:46 of 2nd period - Stopped by Jonathan Bernier without a rebound.
2:47 of 2nd period - Patrick Sharp wins face-off versus Chris Drury in Canadiens zone.
3:22 of 2nd period - Wrist shot by Matt Moulson.
3:22 of 2nd period - Shot Misses the Net.
4:23 of 2nd period - Snap shot by Brett Maclean.
4:23 of 2nd period - Stopped by Julien Ellis without a rebound.
4:24 of 2nd period - Marc Savard wins face-off versus Chris Drury in Nordiques zone.
5:11 of 2nd period - Matt Carle is hit by Fedor Tyutin and loses puck.
6:16 of 2nd period - Wrist shot by Ryan Ellis.
6:16 of 2nd period - Deflect By Kyle Calder.
6:16 of 2nd period - Shot Blocked by Greg Stewart.
6:16 of 2nd period - Puck is out of play.
6:17 of 2nd period - Dustin Boyd wins face-off versus Paul Gaustad in Canadiens zone.
6:24 of 2nd period - Wrist shot by Greg Stewart.
6:24 of 2nd period - Stopped by Julien Ellis with a rebound.
6:41 of 2nd period - Snap shot by Paul Gaustad.
6:41 of 2nd period - Shot Misses the Net.
6:43 of 2nd period - Snap shot by Kyle Calder.
6:43 of 2nd period - Stopped by Jonathan Bernier with a rebound.
7:01 of 2nd period - Snap shot by Michael Ryder.
7:01 of 2nd period - Shot Misses the Net.
7:03 of 2nd period - Snap shot by Michael Ryder.
7:03 of 2nd period - Stopped by Jonathan Bernier without a rebound.
7:04 of 2nd period - Chris Drury wins face-off versus Andrei Loktionov in Canadiens zone.
8:57 of 2nd period - Jiri Fischer is hit by Vaclav Prospal and loses puck.
9:04 of 2nd period - Dustin Byfuglien is hit by Martin Hanzal and loses puck.
9:17 of 2nd period - Wrist shot by R.J. Umberger.
9:17 of 2nd period - Stopped by Jonathan Bernier without a rebound.
9:18 of 2nd period - Marc Savard wins face-off versus Chris Drury in Canadiens zone.
9:49 of 2nd period - Snap shot by Nikita Kucherov.
9:49 of 2nd period - Goal by Nikita Kucherov - Canadiens : 2 - Nordiques : 4.
9:49 of 2nd period - Tobias Stephan enters game.
9:50 of 2nd period - Chris Drury wins face-off versus Andrei Loktionov in neutral zone.
9:53 of 2nd period - Devin Setoguchi is hit by R.J. Umberger and loses puck.
9:58 of 2nd period - Snap shot by R.J. Umberger.
9:58 of 2nd period - Shot Misses the Net.
10:00 of 2nd period - Slapshot by Dustin Byfuglien.
10:00 of 2nd period - Stopped by Tobias Stephan with a rebound.
10:02 of 2nd period - Slapshot by Jean-Pierre Dumont.
10:02 of 2nd period - Shot Misses the Net.
10:04 of 2nd period - Slapshot by Fedor Tyutin.
10:04 of 2nd period - Stopped by Tobias Stephan with a rebound.
10:06 of 2nd period - Snap shot by R.J. Umberger.
10:06 of 2nd period - Stopped by Tobias Stephan with a rebound.
10:40 of 2nd period - Snap shot by Pascal Dupuis.
10:40 of 2nd period - Stopped by Tobias Stephan without a rebound.
10:41 of 2nd period - Rich Peverley wins face-off versus Dustin Boyd in Canadiens zone.
10:42 of 2nd period - Slapshot by Ryan Ellis.
10:42 of 2nd period - Stopped by Tobias Stephan with a rebound.
10:56 of 2nd period - Snap shot by Ryan Ellis.
10:56 of 2nd period - Stopped by Tobias Stephan with a rebound.
11:30 of 2nd period - Minor Penalty to Nikita Kucherov for Interference.
11:31 of 2nd period - Marc Savard wins face-off versus Paul Gaustad in Nordiques zone.
11:37 of 2nd period - Wrist shot by Patrick Sharp.
11:37 of 2nd period - Shot Blocked by T.J. Fast.
11:43 of 2nd period - Wrist shot by Patrick Sharp.
11:43 of 2nd period - Shot Misses the Net.
11:45 of 2nd period - Wrist shot by Dennis Wideman.
11:45 of 2nd period - Stopped by Julien Ellis with a rebound.
13:30 of 2nd period - Penalty to Nikita Kucherov is over, Nikita Kucherov is back on ice.
13:30 of 2nd period - Icing by Jonas Hoglund.
13:31 of 2nd period - Andrei Loktionov wins face-off versus Vaclav Prospal in Canadiens zone.
13:37 of 2nd period - Jonas Hoglund is hit by Vaclav Prospal and loses puck.
13:44 of 2nd period - Wrist shot by Vaclav Prospal.
13:44 of 2nd period - Shot Blocked by Jonas Hoglund.
13:46 of 2nd period - Wrist shot by Vaclav Prospal.
13:46 of 2nd period - Stopped by Tobias Stephan with a rebound.
14:12 of 2nd period - Minor Penalty to Fedor Tyutin for Tripping.
14:13 of 2nd period - Paul Gaustad wins face-off versus Marc Savard in Nordiques zone.
14:13 of 2nd period - Paul Gaustad is hit by Marc Savard.
14:23 of 2nd period - Snap shot by Devin Setoguchi.
14:23 of 2nd period - Goal by Devin Setoguchi - Canadiens : 3 - Nordiques : 4.
14:24 of 2nd period - Chris Drury wins face-off versus Andrei Loktionov in neutral zone.
14:28 of 2nd period - Off-side.
14:29 of 2nd period - Jean-Pierre Dumont wins face-off versus Andrei Loktionov in neutral zone.
14:34 of 2nd period - Snap shot by Jean-Pierre Dumont.
14:34 of 2nd period - Shot Blocked by Dennis Wideman.
15:04 of 2nd period - Backhand shot by Vaclav Prospal.
15:04 of 2nd period - Shot Blocked by Dennis Wideman.
15:22 of 2nd period - Wrist shot by Dustin Boyd.
15:22 of 2nd period - Shot Misses the Net.
15:24 of 2nd period - Snap shot by Greg Stewart.
15:24 of 2nd period - Stopped by Julien Ellis with a rebound.
16:03 of 2nd period - Wrist shot by Brett Maclean.
16:03 of 2nd period - Shot Hit the Post.
16:19 of 2nd period - Jonas Hoglund is hit by Ryan Ellis.
16:33 of 2nd period - Vaclav Prospal is hit by Jonas Hoglund and loses puck.
17:04 of 2nd period - Devin Setoguchi is hit by Paul Gaustad.
17:08 of 2nd period - Fedor Tyutin is hit by Devin Setoguchi and loses puck.
18:12 of 2nd period - Off-side.
18:13 of 2nd period - Andrei Loktionov wins face-off versus Paul Gaustad in neutral zone.
18:30 of 2nd period - Snap shot by Patrick Sharp.
18:30 of 2nd period - Goal by Patrick Sharp - Canadiens : 4 - Nordiques : 4.
18:31 of 2nd period - Andrei Loktionov wins face-off versus Chris Drury in neutral zone.
Goals for this period are 2 for Canadiens vs 1 for Nordiques.
Shots for this period are 10 for Canadiens vs 13 for Nordiques.
3rd period
0:01 of 3rd period - Andrei Loktionov wins face-off versus Chris Drury in neutral zone.
0:06 of 3rd period - Slapshot by Dan Boyle.
0:06 of 3rd period - Deflect By Devin Setoguchi.
0:06 of 3rd period - Shot Blocked by Fedor Tyutin.
0:06 of 3rd period - Puck is out of play.
0:07 of 3rd period - Chris Drury wins face-off versus Andrei Loktionov in Nordiques zone.
0:22 of 3rd period - Snap shot by R.J. Umberger.
0:22 of 3rd period - Stopped by Tobias Stephan with a rebound.
1:18 of 3rd period - Icing by Jiri Tlusty.
1:19 of 3rd period - Chris Drury wins face-off versus Andrei Loktionov in Canadiens zone.
1:20 of 3rd period - Snap shot by Jean-Pierre Dumont.
1:20 of 3rd period - Shot Blocked by Ladislav Smid.
1:30 of 3rd period - Wrist shot by Devin Setoguchi.
1:30 of 3rd period - Stopped by Julien Ellis with a rebound.
1:32 of 3rd period - Slapshot by Patrick Sharp.
1:32 of 3rd period - Stopped by Julien Ellis with a rebound.
3:18 of 3rd period - Jiri Fischer is hit by Vaclav Prospal and loses puck.
3:41 of 3rd period - Snap shot by Dustin Boyd.
3:41 of 3rd period - Stopped by Julien Ellis without a rebound.
3:42 of 3rd period - Dustin Boyd wins face-off versus Chris Drury in Nordiques zone.
3:49 of 3rd period - Slapshot by Chris Drury.
3:49 of 3rd period - Stopped by Tobias Stephan with a rebound.
3:53 of 3rd period - Slapshot by Jean-Pierre Dumont.
3:53 of 3rd period - Shot Hit the Post.
3:55 of 3rd period - Wrist shot by Jean-Pierre Dumont.
3:55 of 3rd period - Deflect By Chris Drury.
3:55 of 3rd period - Shot Blocked by Dan Boyle.
3:55 of 3rd period - Puck is out of play.
3:56 of 3rd period - Andrei Loktionov wins face-off versus Chris Drury in Canadiens zone.
4:46 of 3rd period - Snap shot by Dustin Boyd.
4:46 of 3rd period - Shot Misses the Net.
4:50 of 3rd period - Wrist shot by Greg Stewart.
4:50 of 3rd period - Shot Blocked by Ryan Ellis.
4:52 of 3rd period - Slapshot by Ladislav Smid.
4:52 of 3rd period - Stopped by Julien Ellis without a rebound.
4:53 of 3rd period - Patrick Sharp wins face-off versus Chris Drury in Nordiques zone.
5:19 of 3rd period - Minor Penalty to Jean-Pierre Dumont for Tripping.
5:20 of 3rd period - Paul Gaustad wins face-off versus Marc Savard in Nordiques zone.
7:00 of 3rd period - Ryan Ellis is hit by Andrei Loktionov and loses puck.
7:19 of 3rd period - Penalty to Jean-Pierre Dumont is over, Jean-Pierre Dumont is back on ice.
7:29 of 3rd period - R.J. Umberger is hit by Martin Hanzal and loses puck.
7:56 of 3rd period - Matt Moulson is hit by Dustin Boyd and loses puck.
9:08 of 3rd period - Snap shot by Jonas Hoglund.
9:08 of 3rd period - Stopped by Julien Ellis without a rebound.
9:09 of 3rd period - Marc Savard wins face-off versus Chris Drury in Nordiques zone.
10:00 of 3rd period - Snap shot by Michael Ryder.
10:00 of 3rd period - Shot Blocked by Jordan Caron.
10:14 of 3rd period - Wrist shot by Evgeny Dadonov.
10:14 of 3rd period - Shot Misses the Net.
10:16 of 3rd period - Snap shot by Wade Redden.
10:16 of 3rd period - Stopped by Julien Ellis without a rebound.
10:17 of 3rd period - Marc Savard wins face-off versus Vaclav Prospal in Nordiques zone.
10:51 of 3rd period - Snap shot by Jean-Pierre Dumont.
10:51 of 3rd period - Stopped by Tobias Stephan with a rebound.
10:53 of 3rd period - Slapshot by Dmitry Kulikov.
10:53 of 3rd period - Shot Misses the Net.
11:03 of 3rd period - Snap shot by Paul Gaustad.
11:03 of 3rd period - Stopped by Tobias Stephan with a rebound.
11:09 of 3rd period - Snap shot by Dan Boyle.
11:09 of 3rd period - Shot Blocked by Fedor Tyutin.
11:11 of 3rd period - Wrist shot by Dustin Boyd.
11:11 of 3rd period - Stopped by Julien Ellis without a rebound.
11:12 of 3rd period - Marc Savard wins face-off versus Chris Drury in Nordiques zone.
11:23 of 3rd period - Snap shot by Jonas Hoglund.
11:23 of 3rd period - Shot Misses the Net.
11:25 of 3rd period - Snap shot by Jonas Hoglund.
11:25 of 3rd period - Stopped by Julien Ellis without a rebound.
11:26 of 3rd period - Vaclav Prospal wins face-off versus Devin Setoguchi in Nordiques zone.
11:26 of 3rd period - Vaclav Prospal is hit by Patrick Sharp.
11:34 of 3rd period - Wrist shot by Ryan Ellis.
11:34 of 3rd period - Shot Blocked by Wade Redden.
11:52 of 3rd period - R.J. Umberger is hit by Ladislav Smid and loses puck.
12:23 of 3rd period - Slapshot by Mark Eaton.
12:23 of 3rd period - Stopped by Tobias Stephan with a rebound.
13:23 of 3rd period - Evgeny Dadonov is hit by Chris Drury.
14:01 of 3rd period - Wrist shot by Martin Hanzal.
14:01 of 3rd period - Shot Misses the Net.
14:03 of 3rd period - Wrist shot by Martin Hanzal.
14:03 of 3rd period - Stopped by Julien Ellis without a rebound.
14:04 of 3rd period - Andrei Loktionov wins face-off versus Chris Drury in Nordiques zone.
14:05 of 3rd period - Snap shot by Patrick Sharp.
14:05 of 3rd period - Shot Misses the Net.
14:07 of 3rd period - Slapshot by Dan Boyle.
14:07 of 3rd period - Deflect By Andrei Loktionov.
14:07 of 3rd period - Stopped by Julien Ellis with a rebound.
14:36 of 3rd period - Slapshot by Wade Redden.
14:36 of 3rd period - Deflect By Jonas Hoglund.
14:36 of 3rd period - Stopped by Julien Ellis with a rebound.
14:57 of 3rd period - Wrist shot by Paul Gaustad.
14:57 of 3rd period - Stopped by Tobias Stephan without a rebound.
14:58 of 3rd period - Paul Gaustad wins face-off versus Dustin Boyd in Canadiens zone.
15:08 of 3rd period - Off-side.
15:09 of 3rd period - Andrei Loktionov wins face-off versus Chris Drury in neutral zone.
15:24 of 3rd period - Wrist shot by Andrei Loktionov.
15:24 of 3rd period - Stopped by Julien Ellis without a rebound.
15:25 of 3rd period - Dustin Boyd wins face-off versus Paul Gaustad in Nordiques zone.
15:55 of 3rd period - Snap shot by Chris Drury.
15:55 of 3rd period - Shot Misses the Net.
16:15 of 3rd period - Dmitry Kulikov is hit by Ladislav Smid and loses puck.
17:01 of 3rd period - Slapshot by Dmitry Kulikov.
17:01 of 3rd period - Shot Blocked by Dennis Wideman.
17:04 of 3rd period - Icing by Dan Boyle.
17:05 of 3rd period - Chris Drury wins face-off versus Dustin Boyd in Canadiens zone.
17:29 of 3rd period - Slapshot by Dustin Boyd.
17:29 of 3rd period - Shot Misses the Net.
17:31 of 3rd period - Slapshot by Dennis Wideman.
17:31 of 3rd period - Shot Blocked by R.J. Umberger.
17:33 of 3rd period - Snap shot by Jordan Caron.
17:33 of 3rd period - Shot Misses the Net.
17:35 of 3rd period - Wrist shot by Greg Stewart.
17:35 of 3rd period - Stopped by Julien Ellis without a rebound.
17:36 of 3rd period - Patrick Sharp wins face-off versus Paul Gaustad in Nordiques zone.
18:46 of 3rd period - Wrist shot by Chris Drury.
18:46 of 3rd period - Goal by Chris Drury - Canadiens : 4 - Nordiques : 5.
18:47 of 3rd period - Paul Gaustad wins face-off versus Marc Savard in neutral zone.
19:04 of 3rd period - Canadiens, Tobias Stephan is pulled from the net.
19:06 of 3rd period - Wrist shot by Marc Savard.
19:06 of 3rd period - Shot Misses the Net.
19:08 of 3rd period - Snap shot by Dennis Wideman.
19:08 of 3rd period - Stopped by Julien Ellis without a rebound.
19:09 of 3rd period - Kirk Muller call a timeout for Canadiens.
19:09 of 3rd period - Marc Savard wins face-off versus Paul Gaustad in Nordiques zone.
19:26 of 3rd period - Wrist shot by Marc Savard.
19:26 of 3rd period - Stopped by Julien Ellis with a rebound.
19:28 of 3rd period - Snap shot by Marc Savard.
19:28 of 3rd period - Shot Blocked by Mark Eaton.
19:30 of 3rd period - Wrist shot by Dennis Wideman.
19:30 of 3rd period - Shot Blocked by T.J. Fast.
19:46 of 3rd period - Backhand shot by Marc Savard.
19:46 of 3rd period - Goal by Marc Savard - Canadiens : 5 - Nordiques : 5.
19:46 of 3rd period - Tobias Stephan from Canadiens was sent back in the game.
19:47 of 3rd period - Vaclav Prospal wins face-off versus Jordan Caron in neutral zone.
19:58 of 3rd period - Snap shot by Matt Moulson.
19:58 of 3rd period - Stopped by Tobias Stephan with a rebound.
Goals for this period are 1 for Canadiens vs 1 for Nordiques.
Shots for this period are 16 for Canadiens vs 8 for Nordiques.
Overtime #1
0:01 of 1st overtime period - Marc Savard wins face-off versus R.J. Umberger in neutral zone.
0:40 of 1st overtime period - Slapshot by Dmitry Kulikov.
0:40 of 1st overtime period - Stopped by Tobias Stephan with a rebound.
1:44 of 1st overtime period - Greg Stewart is hit by Vaclav Prospal and loses puck.
2:22 of 1st overtime period - Ladislav Smid is hit by Kyle Calder and loses puck.
3:42 of 1st overtime period - Dustin Byfuglien is hit by Brett Maclean and loses puck.
4:47 of 1st overtime period - Jean-Pierre Dumont is hit by Dan Boyle and loses puck.
Goals for this period are 0 for Canadiens vs 0 for Nordiques.
Shots for this period are 0 for Canadiens vs 1 for Nordiques.
ShootOut
5:00 of 1st overtime period - Penalty Shot by Patrick Sharp for Canadiens.
5:00 of 1st overtime period - Deke by Patrick Sharp.
5:00 of 1st overtime period - Stopped by Julien Ellis.
5:00 of 1st overtime period - Penalty Shot by R.J. Umberger for Nordiques.
5:00 of 1st overtime period - Wrist shot by R.J. Umberger.
5:00 of 1st overtime period - Stopped by Tobias Stephan.
5:00 of 1st overtime period - Penalty Shot by Marc Savard for Canadiens.
5:00 of 1st overtime period - Deke by Marc Savard.
5:00 of 1st overtime period - Stopped by Julien Ellis.
5:00 of 1st overtime period - Penalty Shot by Chris Drury for Nordiques.
5:00 of 1st overtime period - Backhand shot by Chris Drury.
5:00 of 1st overtime period - Stopped by Tobias Stephan.
5:00 of 1st overtime period - Penalty Shot by Devin Setoguchi for Canadiens.
5:00 of 1st overtime period - Snap shot by Devin Setoguchi.
5:00 of 1st overtime period - Shot Misses the Net.
5:00 of 1st overtime period - Penalty Shot by Jean-Pierre Dumont for Nordiques.
5:00 of 1st overtime period - Deke by Jean-Pierre Dumont.
5:00 of 1st overtime period - Stopped by Tobias Stephan.
5:00 of 1st overtime period - Penalty Shot by Greg Stewart for Canadiens.
5:00 of 1st overtime period - Deke by Greg Stewart.
5:00 of 1st overtime period - Stopped by Julien Ellis.
5:00 of 1st overtime period - Penalty Shot by Vaclav Prospal for Nordiques.
5:00 of 1st overtime period - Backhand shot by Vaclav Prospal.
5:00 of 1st overtime period - Stopped by Tobias Stephan.
5:00 of 1st overtime period - Penalty Shot by Dustin Boyd for Canadiens.
5:00 of 1st overtime period - Deke by Dustin Boyd.
5:00 of 1st overtime period - Goal by Dustin Boyd.
5:00 of 1st overtime period - Penalty Shot by Paul Gaustad for Nordiques.
5:00 of 1st overtime period - Wrist shot by Paul Gaustad.
5:00 of 1st overtime period - Goal by Paul Gaustad.
5:00 of 1st overtime period - Penalty Shot by Martin Hanzal for Canadiens.
5:00 of 1st overtime period - Deke by Martin Hanzal.
5:00 of 1st overtime period - Goal by Martin Hanzal.
5:00 of 1st overtime period - Penalty Shot by Dustin Byfuglien for Nordiques.
5:00 of 1st overtime period - Deke by Dustin Byfuglien.
5:00 of 1st overtime period - Stopped by Tobias Stephan.
Back to the Top